 Dungeon Crawl Stone Soup version 0.29-a0-330-g52719c12eb (webtiles) character file.

Game seed: 10594997974081214292

5700 Ajdolov the Archer (level 10, -3/95 HPs)
             Began as a Barachi Hunter on May 7, 2022.
             Was an Initiate of Hepliaklqana.
             Slain by a catoblepas (16 damage)
             ... on level 8 of the Dungeon.
             The game lasted 00:17:58 (9565 turns).

Ajdolov the Archer (Barachi Hunter)                 Turns: 9565, Time: 00:17:59

Health: -3/95      AC: 13    Str: 12 (14) XL:     10   Next: 76%
Magic:  10/10      EV: 27    Int:  7 (9)  God:    Hepliaklqana [......]
Gold:   460        SH:  0    Dex: 19 (21) Spells: 9/9 levels left

rFire   + . .      SeeInvis +   a - +1 shortbow
rCold   + . .      Faith    .   (shield currently unavailable)
rNeg    . . .      Spirit   .   p - +2 leather armour {rPois}
rPois   +          Reflect  .   (no helmet)
rElec   +          Harm     .   j - +0 cloak
rCorr   +          Rampage  .   G - +2 pair of gloves
Will    .....                   (no boots)
Stlth   ++........              r - amulet of the acrobat
HPRegen 0.25/turn               E - +4 ring of protection
MPRegen 0.12/turn               w - ring of see invisible

@: resistant, unable to hop, on berserk cooldown, acrobatic, attractive, slowed,
very slow
A: amphibious, slowness 1, strong legs 1, +LOS, agile 1, robust 1
a: Hop, Renounce Religion


You were on level 8 of the Dungeon.
You worshipped Hepliaklqana.
Hepliaklqana was noncommittal.
You visited 2 branches of the dungeon, and saw 10 of its levels.

You collected 460 gold pieces.

Inventory:

Hand Weapons
 a - a +1 shortbow (weapon)
Armour
 j - a +0 cloak (worn)
 p - a +2 leather armour of poison resistance (worn)
 D - +0 steam dragon scales
 G - a +2 pair of gloves (worn)
Jewellery
 r - an amulet of the acrobat (around neck)
 w - a ring of see invisible (right hand)
 E - a +4 ring of protection (left hand)
Wands
 f - a wand of digging (5)
 y - a wand of flame (19)
 C - a wand of polymorph (2)
Scrolls
 c - 2 scrolls of immolation
 e - 2 scrolls of fear
 g - 3 scrolls of identify
 h - 2 scrolls of enchant armour
 k - a scroll of brand weapon
 n - 3 scrolls of noise
 q - 2 scrolls of amnesia
 s - a scroll of enchant weapon
 u - 3 scrolls of teleportation
 x - a scroll of magic mapping
 A - a scroll of fog
Potions
 b - a potion of curing
 i - a potion of brilliance {unknown}
 l - 2 potions of lignification
 m - a potion of flight
 o - 2 potions of mutation
 t - 2 potions of cancellation
 v - a potion of berserk rage


   Skills:
 + Level 11.1 Fighting
 * Level 13.4 Bows
 - Level 2.1 Dodging
 - Level 0.8 Stealth


You had 9 spell levels left.
You didn't know any spells.
Your spell library contained the following spells:

 Spells                   Type           Power      Damage    Failure   Level
 Animate Skeleton         Necr           0%         N/A       52%         1
 Apportation              Tloc           0%         N/A       52%         1
 Freeze                   Ice            0%         1d3       52%         1
 Summon Small Mammal      Summ           0%         N/A       52%         1
 Corpse Rot               Necr/Air       0%         N/A       65%         2
 Ensorcelled Hibernation  Hex/Ice        0%         N/A       65%         2
 Frozen Ramparts          Ice            0%         1d2       87%         3
 Ozocubu's Armour         Ice            0%         N/A       87%         3
 Spider Form              Tmut/Pois      0%         N/A       87%         3
 Stone Arrow              Conj/Erth      0%         3d7       87%         3
 Airstrike                Air            0%         N/A       99%         4
 Anguish                  Hex/Necr       0%         N/A       99%         4
 Animate Armour           Summ/Erth      0%         N/A       99%         4
 Dispel Undead            Necr           0%         3d6       99%         4
 Hailstorm                Conj/Ice       0%         3d3       99%         4
 Summon Lightning Spire   Summ/Air       0%         N/A       99%         4
 Lightning Bolt           Conj/Air       0%         1d11      100%        5
 Death Channel            Necr           0%         N/A       100%        6
 Ozocubu's Refrigeration  Ice            0%         4d5       100%        7
 Lehudib's Crystal Spear  Conj/Erth      0%         10d2      100%        8


Dungeon Overview and Level Annotations

Branches:
Dungeon (9/15)             Temple (1/1) D:4            Lair (0/6) D:9
    Orc: D:9-12

Altars:
Ashenzari
Cheibriados
Dithmenos
Elyvilon
Fedhas
Gozag
Hepliaklqana
Kikubaaqudgha
Makhleb
Okawaru
Qazlal
Ru
Trog
Vehumet
Wu Jian
Xom
Yredelemnul
Zin
The Shining One

Annotations:
D:5 1 runed translucent door, Crazy Yiuf
D:9 3 runed translucent doors, Erolcha; Psyche; kae's ghost, novice DgFE


Innate Abilities, Weirdness & Mutations

You are amphibious.
You cover ground slowly.
You can hop short distances.
You have an extended range of vision and can be seen from far away.
You are agile. (Dex +2)
You are robust. (+10% HP)


Message History

You are engulfed in calcifying dust.
The catoblepas gores you but does no damage.
You are engulfed in calcifying dust.
The catoblepas gores you!!
You are engulfed in calcifying dust.
The catoblepas gores you but does no damage.
You are engulfed in calcifying dust.
The catoblepas gores you! The catoblepas gores you. The catoblepas gores you.
You turn to flesh and can move again.
Hop to where?
Press: ? - help, Dir - move target, p - catoblepas Boing!
Okay, then.
It was a potion of degeneration.
There was something very wrong with that liquid.
You feel weakened.
You feel dopey.
You feel clumsy. The catoblepas gores you!!
* * * LOW HITPOINT WARNING * * *
The catoblepas gores you!
* * * LOW HITPOINT WARNING * * *
It was a potion of attraction.
You feel attractive to monsters.
The catoblepas gores you but does no damage.
It was a potion of resistance.
You feel protected.
The catoblepas breathes a plume of calcifying dust at you.
The blast of calcifying dust hits you but does no damage.
The catoblepas breathes a plume of calcifying dust at you.
The blast of calcifying dust hits you but does no damage.
Unknown command.
It was a potion of curing.
You feel better.
You are engulfed in calcifying dust.
The catoblepas gores you but does no damage.
Your legs are too worn out to hop.
The catoblepas attacks as you move away!
The catoblepas barely misses you.
The catoblepas breathes a plume of calcifying dust at you.
The blast of calcifying dust hits you but does no damage.
The catoblepas gores you!
You die...

##.##.# #....§......#
##.##.# #.####.##.#.#
##.##.# #.# #.##.#.#
##.##.# #.# #.##.#.#
##.##.# #.# #.##.#.#
#.##.#######.####.##.#.#
#.##...........§..##.#.#
#.###...####<###Y.##.#.#
#.##...........@.§##.#.#
##.##....####.##...##.#.#
........#####.##...##.#.#
##.##.#.# #...........#.#
##.##.#.###.............#
)))...............#######
##.##.#####.####.##
##..........####.#
.................#


You could see a catoblepas.

Vanquished Creatures
  Erica (D:9)
  Maggie (D:7)
  A shadow (D:9)
  Sigmund (D:5)
  A wraith (D:8)
  A yak (D:7)
  A steam dragon (D:9)
  Edmund (D:4)
  3 wargs (D:9)
  An acid dragon (D:9)
  Duvessa (D:4)
  2 orc warriors
  2 ice beasts
  2 sky beasts (D:5)
  3 centaurs
  2 phantoms (D:6)
  A kobold brigand (D:7)
  Blork the orc (D:4)
  A gnoll sergeant (D:9)
  4 bullfrogs
  3 necrophages
  7 wights
  Dowan (D:4)
  4 howler monkeys (D:7)
  3 electric eels (D:9)
  2 jellies
  3 hounds
  4 gnoll shamans
  8 orc priests
  An iguana (D:5)
  7 orc wizards
  14 adders
  25 gnolls
  A white imp (D:7)
  An ufetubus (D:5)
  A worm (D:2)
  A dart slug (D:1)
  37 orcs
  4 bats
  4 endoplasms
  5 giant cockroaches
  11 goblins
  8 hobgoblins
  8 jackals (D:2)
  A quokka (D:2)
  8 ball pythons
  2 frilled lizards
  6 kobolds
  3 rats (D:3)
214 creatures vanquished.

Notes
Turn   | Place    | Note
-------+----------+-------------------------------------------
     0 | D:1      | Ajdolov the Barachi Hunter began the quest for the Orb.
     0 | D:1      | Reached XP level 1. HP: 17/17 MP: 1/1
   103 | D:1      | Reached XP level 2. HP: 23/23 MP: 2/2
   345 | D:1      | Found a faded altar of an unknown god.
   572 | D:2      | Reached XP level 3. HP: 18/29 MP: 3/3
  1111 | D:2      | Reached skill level 5 in Bows
  1131 | D:2      | Reached XP level 4. HP: 28/35 MP: 4/4
  1269 | D:2      | Identified the +4 dagger of Lelock {spect, rF+ Str+3 Dex+2}
  1664 | D:2      | Noticed an ogre
  1680 | D:2      | Reached XP level 5. HP: 32/42 MP: 5/5
  1701 | D:4      | HP: 2/42 [orc/+0 short sword (4)]
  1712 | D:4      | HP: 2/42 [orc/+0 short sword (1)]
  2024 | D:4      | Reached skill level 6 in Bows
  2024 | D:4      | Reached XP level 6. HP: 40/49 MP: 6/6
  2782 | D:3      | Found a blossoming altar of Fedhas.
  2916 | D:5      | Entered Level 5 of the Dungeon
  2955 | D:5      | Reached skill level 5 in Fighting
  2958 | D:5      | HP: 2/51 [gnoll/+0 spear (2)]
  2960 | D:5      | Gained mutation: You are agile. (Dex +2) [potion of
                  | mutation]
  2960 | D:5      | Gained mutation: You are robust. (+10% HP) [potion of
                  | mutation]
  3312 | D:5      | Reached skill level 7 in Bows
  3405 | D:5      | Noticed a sky beast
  3419 | D:5      | Killed a sky beast
  3420 | D:5      | Reached XP level 7. HP: 37/61 MP: 7/7
  3586 | D:5      | Noticed Sigmund
  3601 | D:5      | Killed Sigmund
  3651 | D:5      | Reached skill level 8 in Bows
  3852 | D:5      | Found a runed translucent door.
  3853 | D:5      | Noticed Crazy Yiuf
  3961 | D:5      | Reached XP level 8. HP: 59/71 MP: 8/8
  4429 | D:6      | Reached skill level 9 in Bows
  4908 | D:7      | Found the +18 Lear's hauberk
  5027 | D:7      | Reached skill level 10 in Bows
  5027 | D:7      | Reached XP level 9. HP: 25/81 MP: 9/9
  5641 | D:7      | Noticed Maggie
  5965 | D:7      | Reached skill level 11 in Bows
  6064 | D:7      | Killed Maggie
  6146 | D:4      | Noticed Blork the orc
  6146 | D:4      | Noticed Edmund
  6164 | D:4      | Killed Edmund
  6169 | D:4      | Killed Blork the orc
  6339 | D:4      | Noticed Dowan
  6341 | D:4      | Noticed Duvessa
  6363 | D:4      | Killed Duvessa
  6366 | D:4      | Killed Dowan
  6508 | D:4      | Found a staircase to the Ecumenical Temple.
  6515 | Temple   | Entered the Ecumenical Temple
  6526 | Temple   | Became a worshipper of Hepliaklqana the Forgotten
  6933 | D:8      | Reached XP level 10. HP: 83/92 MP: 10/10
  6975 | D:8      | Reached skill level 12 in Bows
  7151 | D:8      | Reached skill level 10 in Fighting
  7764 | D:8      | Noticed a catoblepas
  8110 | D:9      | Found a runed translucent gate.
  8110 | D:9      | Found a runed translucent gate.
  8110 | D:9      | Found a runed translucent gate.
  8113 | D:9      | Noticed kae's ghost (novice DgFE)
  8114 | D:9      | Noticed Psyche
  8807 | D:9      | Found a staircase to the Lair.
  8833 | D:9      | Noticed Erica
  9122 | D:9      | Killed Erica
  9123 | D:9      | Reached skill level 13 in Bows
  9501 | D:9      | Noticed Erolcha
  9565 | D:8      | Slain by a catoblepas

Illustrated notes

Levels and vault maps discovered:
D:1:      lightli_arrival_windingriver, layout_basic,
          hellmonk_ecumenical_altar_inner_sanctum, hex_tiny,
          minmay_tiny_reverse_x
D:2:      layout_loops_ring, minmay_divided_ellipse
D:3:      layout_rooms, lemuel_tele_altar
D:4:      layout_basic, minmay_temple_entry_junction, uniq_blork_the_orc,
          uniq_duvessa, uniq_edmund
D:5:      layout_basic, minmay_fractal_squares_diagonal_5,
          uniq_crazy_yiuf_cottage, uniq_sigmund
D:6:      layout_basic
D:7:      layout_rooms, hangedman_minor_gate_pass, uniq_maggie
D:8:      layout_loops_ring
D:9:      layout_basic, erik_lair_orcish_takeover, gammafunk_ghost_ooze,
          uniq_erolcha, uniq_erica, uniq_psyche
Temple:   dpeg_three_leaves_temple

Skill      XL: |  1  2  3  4  5  6  7  8  9 10 |
---------------+-------------------------------+-----
Fighting       | 3 4 5 6 8 9 11 | 11.1
Bows           | 5 6 7 8 10 11 13 | 13.4
Dodging        | |  2.1
Stealth        | |  0.8

Action                   |  1- 3 |  4- 6 |  7- 9 | 10-12 || total
-------------------------+-------+-------+-------+-------++-------
Melee: Shortbow          |       |     2 |       |     8 ||    10
 Fire: Shortbow          |   109 |   203 |   381 |   250 ||   943
Throw: Throwing net      |       |       |     1 |     1 ||     2
 Abil: Hop               |       |     3 |     3 |     5 ||    11
Evoke: Wand              |       |     1 |     3 |     4 ||     8
  Use: Potion            |       |     5 |     3 |     6 ||    14
       Scroll            |       |       |       |    12 ||    12
Armor: Leather armour    |    26 |    39 |    39 |    35 ||   139
       Skin              |       |     4 |    11 |       ||    15
Dodge: Dodged            |    49 |    81 |   105 |    52 ||   287

Table legend: (Time is in decaauts)
 A = Elapsed time spent in this place.
 B = Non-inter-level travel time spent in this place.
 C = Inter-level travel time spent in this place.
 D = Time resting spent in this place.
 E = Time spent auto-exploring this place.
 F = Levels seen in this place.
 G = Mean time per level.
                   A        B        C        D        E       F      G
               +--------+--------+--------+--------+--------+-----+--------+
         Total |  10542 |  10073 |    469 |   1363 |   6600 |  10 | 1054.2 |
       Dungeon |  10525 |  10059 |    466 |   1363 |   6599 |   9 | 1169.4 |
        Temple |     17 |     15 |      2 |      0 |      1 |   1 |   17.0 |
               +--------+--------+--------+--------+--------+-----+--------+

Top non-repeatable levels by time:
     D:5: 1710 daAuts
     D:9: 1551 daAuts
     D:7: 1481 daAuts
     D:2: 1269 daAuts
     D:4: 1203 daAuts
     D:8: 1098 daAuts
     D:3: 795 daAuts
     D:6: 776 daAuts
     D:1: 638 daAuts
  Temple: 17 daAuts
